 Dungeon Crawl Stone Soup version 0.26.1-11-gd32895ea62 (webtiles) character file.

Game seed: 12865402318693676572

590 H0rd4k the Insei (level 7, -4/43 HPs)
             Began as an Octopode Transmuter on May 26, 2021.
             Was an Initiate of Gozag.
             Killed by nerve-wracking pain
             ... invoked by a shadow imp
              (14 damage)
             ... on level 5 of the Dungeon.
             The game lasted 00:06:20 (6134 turns).

H0rd4k the Insei (Octopode Transmuter)              Turns: 6134, Time: 00:06:21

Health: -4/43      AC:  1    Str:  9    XL:     7   Next: 38%
Magic:  12/12      EV: 29    Int: 17    God:    Gozag
Gold:   205        SH:  0    Dex: 13    Spells: 8/12 levels left

rFire    . . .     SeeInvis .     - Unarmed
rCold    . . .     Faith    .   (no shield)
rNeg     . . .     Spirit   .   (helmet restricted)
rPois    .         Reflect  .   k - amulet of the acrobat
rElec    .         Harm     .   (no ring)
rCorr    .         Rampage  .   (no ring)
Will     .....                  (no ring)
Stlth    +++.......             (no ring)
HPRegen  0.14/turn              (no ring)
MPRegen  0.13/turn              (no ring)
                                (no ring)
                                (no ring)

@: gold aura, acrobat
A: almost no armour, stealthy swim, amphibious, 8 rings, constrict 8, camouflage
1, gelatinous body 1
a: Renounce Religion, Potion Petition, Call Merchant, Bribe Branch


You were on level 5 of the Dungeon.
You worshipped Gozag.
Gozag was aware of your devotion.
You visited 2 branches of the dungeon, and saw 6 of its levels.

You collected 286 gold pieces.
You paid 81 gold pieces to Gozag.

Inventory:

Magical Staves
 p - an uncursed staff of death
Jewellery
 k - an amulet of the acrobat (around mantle)
Wands
 m - a wand of random effects (19) (quivered)
Scrolls
 a - 5 scrolls of enchant armour {unknown}
 b - 2 scrolls of teleportation {unknown}
 e - 2 scrolls of remove curse {unknown}
 f - 3 scrolls of identify {unknown}
 h - 2 scrolls of fear {unknown}
 j - 3 scrolls of enchant weapon {unknown}
 l - a scroll of fog {unknown}
 n - a scroll of immolation {unknown}
 q - a scroll of random uselessness {unknown}
 t - a scroll of magic mapping {unknown}
Potions
 c - a potion of brilliance {unknown}
 d - 2 potions of heal wounds {unknown}
 g - 2 potions of haste {unknown}
 i - 2 potions of lignification {unknown}
 o - 5 potions of curing {unknown}
 r - a potion of resistance {unknown}
 s - a potion of magic {unknown}


   Skills:
 + Level 1.4 Fighting
 + Level 3.2 Dodging
 - Level 1.3 Stealth
 + Level 5.6 Unarmed Combat
 * Level 3.4 Spellcasting
 * Level 3.8 Transmutations
 + Level 2.1 Poison Magic


You had 8 spell levels left.
You knew the following spells:

 Your Spells              Type           Power        Failure   Level
a - Beastly Appendage     Tmut           30%          3%          1
b - Spider Form           Tmut/Pois      6%           16%         3

Your spell library contained the following spells:

 Spells                   Type           Power        Failure   Level
 Wereblood                Tmut           15%          5%          2
 Ice Form                 Ice/Tmut       9%           58%         4
 Blade Hands              Tmut           7%           67%         5


Dungeon Overview and Level Annotations

Branches:
Dungeon (5/15)             Temple (1/1) D:5

Altars:
Cheibriados
Dithmenos
Fedhas
Gozag
Hepliaklqana
Kikubaaqudgha
Makhleb
Nemelex Xobeh
Okawaru
Qazlal
Ru
Sif Muna
Trog
Vehumet
Wu Jian
Xom
Yredelemnul
Zin
The Shining One

Annotations:
D:5 1 runed translucent door, Crazy Yiuf, Ijyb


Innate Abilities, Weirdness & Mutations

You cannot wear most types of armour.
You are very stealthy in the water. (Stealth+)
You are amphibious.
You can wear up to eight rings at the same time.
You can use your tentacles to constrict eight enemies at once.
Your skin changes colour to match your surroundings (Stealth+).
Your rubbery body absorbs attacks. (AC +1, EV +1)


Message History

You hit the adder.
The adder is moderately wounded.
The leopard gecko is no longer distracted by gold.
The adder closely misses you. The gnoll completely misses you.
The adder closely misses you.
You hit the adder.
The adder is almost dead.
The adder bites you.
The gnoll hits you from afar with a +0 spear.
* * * LOW HITPOINT WARNING * * *
You closely miss the adder.
The adder is almost dead.
The adder barely misses you.
You bite the adder!
You kill the adder!
Your transformation has ended.
The shadow imp gestures at you. Pain shoots through your body!
You die...
Your body crumbles into a pile of gold.

#. #.....##.# ## #.. #.
#........ ... #.
#......... #.#.
#..###.........# ..#
#.l$$5.#.# #.#..####.#
#.#####...# #.##...#.#
#.g## #.# #....## .#.
##.####.####.#..## ...#
###@.##...#....#..##
#..####....##....#........
........#......###.......
## .....####.....#
#...#..# ##.. ##..#
##..#...###..##.## ...#
#..###..###...##..##.#
#..###......#
#........#.## #..#......##
#............
#....###...###........###.


You could see a gnoll and a shadow imp.

Vanquished Creatures
  Edmund (D:4)
  A centaur zombie (D:4)
  A bullfrog zombie (D:5)
  An orc priest (D:2)
  A gnoll shaman (D:5)
  An iguana (D:4)
  A howler monkey zombie (D:5)
  11 gnolls
  10 adders
  A shadow imp (D:5)
  2 oozes
  4 dart slugs
  2 worms
  4 leopard geckos
  13 orcs
  A ball python (D:1)
  5 giant cockroaches
  2 goblins
  7 hobgoblins
  3 jackals (D:4)
  A quokka (D:2)
  6 bats
  6 frilled lizards
  6 kobolds
  A leopard gecko skeleton (D:5)
  A quokka zombie (D:5)
  5 rats
98 creatures vanquished.

Notes
Turn   | Place    | Note
-------+----------+-------------------------------------------
     0 | D:1      | H0rd4k the Octopode Transmuter began the quest for the Orb.
     0 | D:1      | Reached XP level 1. HP: 13/13 MP: 3/3
   301 | D:1      | Reached XP level 2. HP: 13/18 MP: 5/5
  1232 | D:2      | Reached skill level 1 in Stealth
  1382 | D:2      | Reached XP level 3. HP: 22/23 MP: 6/6
  1394 | D:2      | Learned a level 3 spell: Spider Form
  1614 | D:2      | Found a shadowy altar of Dithmenos.
  1676 | D:2      | Reached XP level 4. HP: 28/28 MP: 5/7
  1730 | D:2      | Reached skill level 1 in Poison Magic
  2114 | D:2      | Reached skill level 4 in Unarmed Combat
  2114 | D:2      | Reached XP level 5. HP: 17/33 MP: 5/8
  3153 | D:3      | Reached XP level 6. HP: 38/38 MP: 10/10
  4469 | D:4      | Noticed Edmund
  4487 | D:4      | Killed Edmund
  4488 | D:4      | Reached skill level 5 in Unarmed Combat
  4488 | D:4      | Reached XP level 7. HP: 17/43 MP: 9/11
  4746 | D:4      | Found a shimmering altar of Xom.
  4748 | D:4      | Found a hazy altar of Hepliaklqana.
  4748 | D:4      | Found a sacrificial altar of Ru.
  4750 | D:4      | Found a shimmering altar of Xom.
  4750 | D:4      | Found a snail-covered altar of Cheibriados.
  4750 | D:4      | Found a snail-covered altar of Cheibriados.
  5072 | D:5      | Entered Level 5 of the Dungeon
  5511 | D:5      | Found a runed translucent door.
  5512 | D:5      | Noticed Crazy Yiuf
  5607 | D:5      | Noticed Ijyb
  5619 | D:5      | Found a staircase to the Ecumenical Temple.
  5628 | Temple   | Entered the Ecumenical Temple
  5709 | Temple   | Became a worshipper of Gozag Ym Sagoz the Greedy
  6134 | D:5      | Killed from afar by a shadow imp

Illustrated notes

Levels and vault maps discovered:
D:1:      sevenhm_arrival_forest_fort_small_6, layout_basic
D:2:      cheibrodos_pilgrimage, layout_rooms, nicolae_dithmenos_shadow_blocks
D:3:      cheibrodos_old_hovel, layout_loops_ring, roderic_serpentine_path
D:4:      layout_loops_corners, doesnt_xom_only_xom, uniq_edmund
D:5:      layout_layer_cave, minmay_temple_entry_drinking_statues, uniq_ijyb,
          uniq_crazy_yiuf_cottage
Temple:   regret_index_temple_sigil_plot

Skill      XL: |  1  2  3  4  5  6 |
---------------+-------------------+-----
Stealth        | 1 |  1.3
Poison Magic   | 1 2 |  2.1
Unarmed Combat | 4 5 |  5.6
Transmutations | 3 |  3.8
Spellcasting   | 3 |  3.4
Dodging        | 3 |  3.2
Fighting       | |  1.4

Action                   |  1- 3 |  4- 6 |  7- 9 || total
-------------------------+-------+-------+-------++-------
Melee: Unarmed           |    70 |   133 |    60 ||   263
       Constrict         |    22 |    18 |     5 ||    45
       Tentacles         |     9 |    19 |     5 ||    33
       Punch             |     1 |       |     2 ||     3
 Cast: Beastly Appendage |     1 |       |       ||     1
       Spider Form       |       |    11 |     2 ||    13
Evoke: Wand              |     2 |     2 |       ||     4
 Stab: Sleeping          |     9 |     7 |       ||    16
       Distracted        |       |     1 |       ||     1
Armor: Skin              |     6 |     6 |     1 ||    13
Dodge: Dodged            |    34 |    69 |    50 ||   153
